 Dungeon Crawl Stone Soup version 0.26.1-11-gd32895ea62 (webtiles) character file.

Game seed: 14775848755474427473

538 raph the Cudgeller (level 7, -2/99 HPs)
             Began as a Troll Berserker on May 25, 2021.
             Was a Priest of Trog.
             Slain by a killer bee (7 damage)
             ... on level 5 of the Dungeon on May 26, 2021.
             The game lasted 00:06:35 (3625 turns).

raph the Cudgeller (Troll Berserker)                Turns: 3625, Time: 00:06:36

Health: -2/99      AC:  7    Str: 26    XL:     7   Next: 5%
Magic:  6/6        EV: 10    Int:  3    God:    Trog [***...]
Gold:   67         SH:  0    Dex: 11    Spells: 6/6 levels left

rFire    . . .     SeeInvis .   g - +0 whip (elec)
rCold    . . .     Faith    .   (no shield)
rNeg     . . .     Spirit   .   b - +1 animal skin
rPois    .         Reflect  .   (helmet restricted)
rElec    .         Harm     .   (no cloak)
rCorr    .         Rampage  .   (gloves unavailable)
Will     ++...                  (boots unavailable)
Stlth    ..........             (no amulet)
HPRegen  1.66/turn              q - ring of flight
MPRegen  0.10/turn              (no ring)

@: berserking (expiring), lethally poisoned (-2 -> -6), regenerating (expiring),
very quick
A: large, unfitting armour, claws 3, regeneration 1, shaggy fur 1, tough skin 3
a: Renounce Religion, Evoke Flight, Berserk, Trog's Hand


You were on level 5 of the Dungeon.
You worshipped Trog.
Trog was most pleased with you.
You visited 1 branch of the dungeon, and saw 5 of its levels.

You collected 197 gold pieces.
You spent 130 gold pieces at shops.

Inventory:

Hand Weapons
 a - a +0 mace
 g - a +0 whip of electrocution (weapon)
Missiles
 k - 6 boomerangs
Armour
 b - a +1 animal skin (worn)
Jewellery
 q - a ring of flight (left claw)
Wands
 o - a wand of iceblast (9)
Scrolls
 f - a scroll of remove curse
 h - a scroll of fear
 i - 2 scrolls of teleportation
 l - 4 scrolls of enchant armour
Potions
 c - 2 potions of haste
 d - a potion of invisibility {unknown}
 e - 4 potions of might {unknown}
 j - a potion of brilliance {unknown}
 m - 2 potions of lignification
 n - a potion of ambrosia {unknown}
 p - a potion of heal wounds
 r - a potion of curing {unknown}


   Skills:
 - Level 2.4 Fighting
 + Level 7.4 Maces & Flails
 - Level 2.4 Dodging


You had 6 spell levels left.
You didn't know any spells.
Your spell library was empty.

Dungeon Overview and Level Annotations

Branches:
Dungeon (5/15)
 Temple: D:4-7

Altars:
Qazlal

Shops:
D:4 !


Innate Abilities, Weirdness & Mutations

You are too large for most types of armour.
You have claws for hands.
Your natural rate of healing is unusually fast.
You are covered in fur. (AC +1)
You have extremely tough skin. (AC +3)


Message History

You feel sick.
The killer bee stings you but does no damage.
The killer bee closely misses you.
The killer bee stings you but does no damage.
You closely miss the killer bee.
The killer bee is severely wounded.
You feel sick. The killer bee closely misses you. The killer bee misses you.
You closely miss the killer bee.
The killer bee is severely wounded.
You feel sick. The killer bee closely misses you. The killer bee stings you.
* * * LOW HITPOINT WARNING * * *
The killer bee closely misses you.
You closely miss the killer bee.
The killer bee is severely wounded.
You feel sick. The killer bee stings you.
* * * LOW HITPOINT WARNING * * *
The killer bee stings you.
* * * LOW HITPOINT WARNING * * *
The killer bee stings you!
You die...

#............#
......
............#
......
.....<....#
......
#........#
......
####......#
......
#......y..#
....##
......##.h###
### .yy.#
##yy##


.yy ##@y## . ##..############## #.......†......... ##.......##########
##.........## #...........## #............## #.............## #..............#
You could see a hound and 4 killer bees.

Vanquished Creatures
  2 phantoms (D:4)
  2 killer bees (D:5)
  A hound (D:4)
  A bullfrog skeleton (D:4)
  A worker ant (D:4)
  A howler monkey skeleton (D:5)
  8 adders
  An ufetubus (D:5)
  2 oozes
  An adder skeleton (D:4)
  4 dart slugs
  A leopard gecko (D:4)
  2 orcs
  9 bats
  2 giant cockroaches (D:1)
  10 hobgoblins
  3 jackals (D:4)
  8 kobolds
  2 quokkas
  6 frilled lizards
  16 goblins
  16 rats
99 creatures vanquished.

Vanquished Creatures (others)
  32 plants (D:3)
32 creatures vanquished.

Grand Total: 131 creatures vanquished

Notes
Turn   | Place    | Note
-------+----------+-------------------------------------------
     0 | D:1      | raph the Troll Berserker began the quest for the Orb.
     0 | D:1      | Reached XP level 1. HP: 22/22 MP: 0/0
   152 | D:1      | Reached skill level 3 in Maces & Flails
   223 | D:1      | Reached XP level 2. HP: 29/29 MP: 1/1
   443 | D:1      | Reached ** piety under Trog
   617 | D:1      | Reached XP level 3. HP: 36/36 MP: 2/2
   767 | D:2      | Reached skill level 4 in Maces & Flails
  1122 | D:2      | Reached XP level 4. HP: 38/44 MP: 3/3
  1401 | D:2      | Found a faded altar of an unknown god.
  2023 | D:3      | Reached skill level 5 in Maces & Flails
  2103 | D:3      | Noticed an air elemental
  2220 | D:3      | Found a stormy altar of Qazlal.
  2222 | D:3      | Noticed a water elemental
  2222 | D:3      | Noticed an earth elemental
  2222 | D:3      | Noticed a fire elemental
  2234 | D:3      | Reached *** piety under Trog
  2348 | D:3      | Reached XP level 5. HP: 49/50 MP: 4/4
  3018 | D:4      | Reached skill level 6 in Maces & Flails
  3034 | D:4      | Found Urynec's Distillery.
  3034 | D:4      | Noticed a phantom
  3051 | D:4      | Killed a phantom
  3052 | D:4      | Reached XP level 6. HP: 59/59 MP: 5/5
  3053 | D:4      | Bought a potion of haste for 130 gold pieces
  3369 | D:5      | Entered Level 5 of the Dungeon
  3395 | D:5      | Reached skill level 7 in Maces & Flails
  3613 | D:5      | Reached XP level 7. HP: 60/66 MP: 6/6
  3625 | D:5      | Slain by a killer bee

Illustrated notes

Levels and vault maps discovered:
D:1:      dpeg_arrival_rooms_a, layout_basic
D:2:      layout_basic, chequers_ecumenical_altar_simple_redux
D:3:      layout_basic, nicolae_qazlal_style_of_elements, serial_bayou,
          serial_bayou_pond_c, serial_bayou_lagoon_a, serial_bayou_ford_a,
          serial_bayou_crossing
D:4:      layout_basic, kennysheep_small_square
D:5:      layout_cave_pods

Skill      XL: |  1  2  3  4  5  6 |
---------------+-------------------+-----
Maces & Flails | 3 4 5 6 7 |  7.4
Fighting       | |  2.4
Dodging        | |  2.4

Action                   |  1- 3 |  4- 6 |  7- 9 || total
-------------------------+-------+-------+-------++-------
Melee: Mace              |    16 |       |       ||    16
       Whip              |   107 |   159 |    13 ||   279
Invok: Berserk           |     1 |     3 |       ||     4
       Trog's Hand       |       |     1 |       ||     1
  Use: Scroll            |       |    10 |       ||    10
 Stab: Sleeping          |       |     1 |       ||     1
Armor: Animal skin       |    53 |    69 |     6 ||   128
Dodge: Dodged            |    58 |    62 |    18 ||   138
